cohdb
Replays
Latest Replays
All Replays
Popular Replays
Top Player Replays
Match Explorer
How It Works
Community
CoH3 Stats
Reddit
Sign in to upload your games and track your stats! →
Sign in with Steam
Match 40835569
Unlisted
Match 40835569
Overview
Messages
Build Orders
End
Construct Barracks
Selects Armored Battlegroup
Selects Veteran Crews
1⁄4-ton 4x4 Truck
Riflemen Squad
Riflemen Squad
Riflemen Squad
Air Support Center
Engineer Squad
Construct Motor Pool
Selects Fast Deploy
P-47 Strafing Run
M8 Greyhound Armored Car
Grasshopper Recon Run
P-47 Strafing Run
M1 Anti-tank Gun Team
Construct Medical Station
Shawman
BossManShaw
Herald of Salt
Ziggurat
broodwarjc
Zlatan
0
0
Comments
sign in to comment!
No comments posted yet!